 Dungeon Crawl Stone Soup version 0.21.1-1-g345015f (webtiles) character file.

3651 prawnwizard the Cleaver (level 9, -4/123 HPs)
             Began as a Minotaur Berserker on June 28, 2018.
             Was an Elder of Trog.
             Killed from afar by a steam dragon (16 damage)
             ... with a ball of steam
             ... on level 8 of the Dungeon.
             The game lasted 00:17:50 (7797 turns).

prawnwizard the Cleaver (Minotaur Berserker)        Turns: 7797, Time: 00:17:50

Health: -4/123     AC: 15    Str: 30    XL:     9   Next: 88%
Magic:  17/17      EV: 11    Int:  4    God:    Trog [****..]
Gold:   430        SH:  0    Dex: 10    Spells: 8/8 levels left

rFire    . . .     SeeInvis .   r - +0 dire flail (protect)
rCold    . . .     Gourm    .   (shield currently unavailable)
rNeg     . . .     Faith    .   p - +1 plate armour
rPois    .         Spirit   .   (helmet restricted)
rElec    .         Reflect  .   (no cloak)
rCorr    .         Harm     .   (no gloves)
MR       .....                  B - +0 pair of boots
Stlth    ..........             (no amulet)
HPRegen  0.30/turn              o - ring of magical power
MPRegen  0.15/turn              (no ring)

@: berserking, starving, very quick
A: retaliatory headbutt, horns 2
a: Berserk, Trog's Hand, Brothers in Arms, Burn Spellbooks, Renounce Religion


You were on level 8 of the Dungeon.
You worshipped Trog.
Trog was greatly pleased with you.
You were starving.

You visited 1 branch of the dungeon, and saw 8 of its levels.

You collected 430 gold pieces.

Inventory:

Hand Weapons
 i - a +0 war axe
 r - a +0 dire flail of protection (weapon)
 t - a +0 battleaxe
Armour
 p - a +1 plate armour (worn)
 B - a +0 pair of boots (worn)
 F - +0 steam dragon scales
Jewellery
 o - a ring of magical power (left hand)
Wands
 j - a wand of iceblast (8)
 k - a wand of flame (6)
 x - a wand of enslavement (9)
 y - a wand of scattershot (5)
Scrolls
 d - 2 scrolls of magic mapping
 e - 2 scrolls of blinking
 f - 4 scrolls of teleportation
 h - 3 scrolls of identify
 s - 3 scrolls of remove curse
 v - 3 scrolls of fog
 w - a scroll of immolation {unknown}
 D - a scroll of holy word {unknown}
 E - a scroll of enchant armour
Potions
 a - 3 potions of curing {unknown}
 b - 5 potions of flight
 g - a potion of brilliance {unknown}
 l - 2 potions of heal wounds {unknown}
 m - a potion of might {unknown}
 n - a potion of agility
 q - a potion of haste {unknown}
 u - a potion of lignification {unknown}
 z - a potion of cancellation {unknown}
 A - 2 potions of degeneration {unknown}
 C - a potion of magic {unknown}
Comestibles
 c - 13 rations


   Skills:
 + Level 8.4 Fighting
 * Level 11.2 Axes
 + Level 8.0 Armour
 + Level 7.2 Dodging


You had 8 spell levels left.
You didn't know any spells.

Dungeon Overview and Level Annotations

Branches:
Dungeon (8/15)             Temple (0/1) D:7
   Lair: D:8-11

Altars:
Ashenzari
Cheibriados
Elyvilon
Gozag
Hepliaklqana
Kikubaaqudgha
Makhleb
Okawaru
Qazlal
Vehumet
Wu Jian
Xom
Zin

Shops:
D:4 :   D:7 =


Innate Abilities, Weirdness & Mutations

You reflexively headbutt those who attack you in melee.
You have a pair of horns on your head.


Message History

The steam dragon breathes steam at you. The ball of steam misses you.
The steam dragon barely misses you. You furiously retaliate!
You headbutt the steam dragon. The steam dragon closely misses you.
The steam dragon bites you!
* * * LOW HITPOINT WARNING * * *
The steam dragon claws you but does no damage.
The steam dragon closely misses you. The steam dragon barely misses you.
You are too injured to fight recklessly!
A red film seems to cover your vision as you go berserk!
You feel yourself moving faster!
You feel mighty!
You are starving!
The steam dragon closely misses you.
The steam dragon claws you but does no damage.
A sky beast comes into view.
You barely miss the steam dragon.
The steam dragon is heavily wounded.
The steam dragon breathes steam at you. The ball of steam hits you!
You die...

########
###......#
####...####(#
#@...### #.#
Y.....D.#### #.#
###...###### #<##
......
.....#####..#####
###.#
#.....[..........
#.
#.......###.####.
# ###.......# #.#
.........# #.# ..
#.......###.#...#


You could see a steam dragon and a sky beast.

Vanquished Creatures
  A spriggan (D:7)
  A steam dragon (D:8)
  Menkaure (D:6)
  Edmund (D:5)
  3 orc warriors
  3 phantoms
  5 ogres
  A big kobold (D:7)
  8 bullfrogs
  3 scorpions
  16 killer bees
  2 crimson imps
  A bullfrog zombie (D:5)
  5 orc priests
  3 hounds
  A jelly (D:7)
  4 orc wizards
  2 worker ants
  A hound zombie (D:5)
  A worker ant zombie (D:6)
  7 gnolls
  4 adders
  A shadow imp (D:5)
  An adder zombie (D:5)
  5 worms
  An adder skeleton (D:4)
  2 dart slugs
  3 leopard geckos
  28 orcs
  A ball python (D:2)
  7 giant cockroaches
  5 goblins
  10 hobgoblins
  6 quokkas
  5 bats
  3 frilled lizards
  A jackal skeleton (D:4)
  8 kobolds
  6 rats
167 creatures vanquished.

Vanquished Creatures (collateral kills)
  3 kobolds (D:7)
3 creatures vanquished.

Vanquished Creatures (others)
  A withered plant (D:7)
1 creature vanquished.

Grand Total: 171 creatures vanquished

Notes
Turn   | Place    | Note
-------+----------+-------------------------------------------
     0 | D:1      | prawnwizard the Minotaur Berserker began the quest for the Orb.
     0 | D:1      | Reached XP level 1. HP: 19/19 MP: 0/0
   102 | D:1      | Reached skill level 4 in Axes
   102 | D:1      | Reached XP level 2. HP: 7/27 MP: 1/1
   701 | D:2      | Reached XP level 3. HP: 33/33 MP: 2/2
  1081 | D:2      | Reached XP level 4. HP: 36/40 MP: 3/3
  1173 | D:2      | Reached ** piety under Trog
  1182 | D:2      | Reached skill level 5 in Axes
  1497 | D:2      | Reached XP level 5. HP: 43/47 MP: 4/4
  1865 | D:3      | Found a shimmering altar of Xom.
  1948 | D:3      | Found a hazy altar of Hepliaklqana.
  2325 | D:3      | Found an iron altar of Okawaru.
  2485 | D:3      | Found a burning altar of Makhleb.
  2774 | D:4      | Found a shattered altar of Ashenzari.
  2875 | D:4      | Reached XP level 6. HP: 52/55 MP: 5/5
  2880 | D:4      | Found an ornate altar of the Wu Jian Council.
  2899 | D:4      | Reached *** piety under Trog
  2899 | D:4      | Reached skill level 6 in Axes
  2931 | D:4      | Found Riomerch's Book Emporium.
  2992 | D:4      | Reached skill level 5 in Fighting
  3197 | D:4      | Found a white marble altar of Elyvilon.
  3390 | D:5      | Entered Level 5 of the Dungeon
  3425 | D:5      | Found a radiant altar of Vehumet.
  3487 | D:5      | Noticed Edmund
  3493 | D:5      | Killed Edmund
  3493 | D:5      | Reached XP level 7. HP: 61/61 MP: 6/6
  3704 | D:5      | Reached skill level 7 in Axes
  3783 | D:5      | Reached skill level 5 in Armour
  4443 | D:6      | Noticed Menkaure
  4448 | D:6      | Killed Menkaure
  4448 | D:6      | Reached skill level 8 in Axes
  4448 | D:6      | Reached skill level 5 in Dodging
  4448 | D:6      | Reached XP level 8. HP: 70/70 MP: 7/7
  5658 | D:6      | Reached skill level 9 in Axes
  6010 | D:7      | Reached **** piety under Trog
  6036 | D:7      | Reached XP level 9. HP: 52/79 MP: 8/8
  6107 | D:7      | Reached skill level 10 in Axes
  6126 | D:7      | HP: 3/79 [poisoned by a killer bee]
  6132 | D:7      | HP: 3/79 [poisoned by a killer bee]
  6713 | D:7      | Found a glowing silver altar of Zin.
  6714 | D:7      | Found an opulent altar of Gozag.
  6737 | D:7      | Found a snail-covered altar of Cheibriados.
  6767 | D:7      | Found an ancient bone altar of Kikubaaqudgha.
  6804 | D:7      | Found Fothrastro's Jewellery Emporium.
  6807 | D:7      | Found a stormy altar of Qazlal.
  6912 | D:7      | Found a staircase to the Ecumenical Temple.
  7417 | D:8      | Reached skill level 11 in Axes
  7797 | D:8      | Killed from afar by a steam dragon

Skill      XL: |  1  2  3  4  5  6  7  8  9 |
---------------+----------------------------+-----
Axes           | 4 5 6 8 9 11 | 11.2
Fighting       | 4 5 6 7 8 |  8.4
Armour         | 3 4 5 6 8 |  8.0
Dodging        | 3 4 5 6 7 |  7.2

Action                   |  1- 3 |  4- 6 |  7- 9 || total
-------------------------+-------+-------+-------++-------
Melee: Hand axe          |    52 |    32 |       ||    84
       Headbutt          |     5 |    20 |    47 ||    72
       Battleaxe         |       |    97 |       ||    97
       War axe           |       |     4 |       ||     4
       Dire flail        |       |       |   307 ||   307
Invok: Berserk           |     2 |     1 |     5 ||     8
       Burn Spellbooks   |       |     1 |       ||     1
       Trog's Hand       |       |       |     1 ||     1
       Brothers in Arms  |       |       |     1 ||     1
  Use: Scroll            |       |     8 |       ||     8
  Eat: Chunk             |     1 |     8 |    12 ||    21
       Ration            |       |       |     2 ||     2
Armor: Ring mail         |    20 |     5 |       ||    25
       Animal skin       |     1 |       |       ||     1
       Plate armour      |       |    60 |   235 ||   295
Dodge: Dodged            |    32 |    61 |   195 ||   288
